 Dungeon Crawl Stone Soup version 0.27-a0-1242-ge70438ac7b (webtiles) character file.

Game seed: 17762747301612012698

394 Ethylacetat the Chiller (level 6, -3/49 HPs)
             Began as a Naga Ice Elementalist on June 9, 2021.
             Slain by a water moccasin zombie (6 damage)
             ... in an ossuary.
             The game lasted 00:21:40 (4118 turns).

Ethylacetat the Chiller (Naga Ice Elementalist)     Turns: 4118, Time: 00:21:40

Health: -3/49      AC:  5    Str: 10    XL:     6   Next: 82%
Magic:  8/21       EV: 10    Int: 22    God:
Gold:   92         SH:  0    Dex: 14    Spells: 2/13 levels left

rFire    . . .     SeeInvis +   d - +0 dagger
rCold    . . .     Faith    .   (no shield)
rNeg     . . .     Spirit   .   a - +0 robe
rPois    +         Reflect  .   (no helmet)
rElec    .         Harm     .   (no cloak)
rCorr    .         Rampage  .   e - +1 pair of gloves {Dex+3}
Will     .....                  (no barding)
Stlth    ++........             (no amulet)
HPRegen  0.16/turn              h - ring of wizardry
MPRegen  0.17/turn              l - ring of magical power

@: freezing walls, very slow
A: AC +2, large, see invisible, deformed body, poison resistance, slowness 2,
spit poison 1, naga tail 1, clever 2, no potion heal 1
a: Spit Poison


You were in an ossuary.
You visited 1 branch of the dungeon, and saw 4 of its levels.
You also visited: Ossuary.

You collected 92 gold pieces.

Inventory:

Hand Weapons
 d - a +0 dagger (weapon)
Armour
 a - a +0 robe (worn)
 e - a +1 pair of gloves of dexterity (worn)
Jewellery
 h - a ring of wizardry (left hand)
 l - a ring of magical power (right hand)
 m - a ring of willpower
Wands
 g - a wand of iceblast (11)
Scrolls
 f - 3 scrolls of identify
 o - a scroll of amnesia


   Skills:
 - Level 1.7 Dodging
 - Level 3.1 Stealth
 + Level 4.1 Spellcasting
 * Level 2.3 Conjurations
 + Level 6.1 Ice Magic


You had 2 spell levels left.
You knew the following spells:

 Your Spells              Type           Power      Damage    Failure   Level
a - Freeze                Ice            100%       1d11      1%          1
b - Frozen Ramparts       Ice            62%        1d8       1%          3
c - Ozocubu's Armour      Ice            31%        N/A       1%          3
d - Hailstorm             Conj/Ice       23%        3d7       8%          4

Your spell library contained the following spells:

 Spells                   Type           Power      Damage    Failure   Level
 Metabolic Englaciation   Hex/Ice        9%         N/A       32%         5


Dungeon Overview and Level Annotations

Branches:
Dungeon (4/15)            Ossuary (1/1)
 Temple: D:4-7

Altars:
Fedhas
Makhleb
Vehumet
Wu Jian


Innate Abilities, Weirdness & Mutations

Your serpentine skin is tough. (AC +2)
You have supernaturally acute eyesight. (SInv)
Armour fits poorly on your strangely shaped body.
Your system is resistant to poisons. (rPois)
You cover ground very slowly.
You can spit poison.
You have a snake-like lower body.
Your mind is very acute. (Int +4)
Potions are less effective at restoring your health.


Message History

The water moccasin zombie completely resists.
The wall freezes the water moccasin zombie but does no damage.
The water moccasin zombie bites you but does no damage.
Casting: Freeze (safe; 1% risk of failure)
Confirm with . or Enter, or press ? or * to list all spells.
Aiming: Freeze (safe; 1% risk of failure)
Press: ? - help, Shift-Dir - straight line, f/p - water moccasin zombie
Aim: a water moccasin zombie (almost destroyed)
You freeze the water moccasin zombie.
The water moccasin zombie resists.
The water moccasin zombie is almost destroyed.
The water moccasin zombie completely resists.
The wall freezes the water moccasin zombie but does no damage.
The water moccasin zombie bites you.
* * * LOW HITPOINT WARNING * * *
The gnoll zombie resists.
The wall freezes the gnoll zombie.
You hit the water moccasin zombie but do no damage.
The water moccasin zombie is almost destroyed.
The water moccasin zombie completely resists.
The wall freezes the water moccasin zombie but does no damage.
The water moccasin zombie bites you.
* * * LOW HITPOINT WARNING * * *
The gnoll zombie completely resists.
The wall freezes the gnoll zombie but does no damage.
You closely miss the water moccasin zombie.
The water moccasin zombie is almost destroyed.
The water moccasin zombie completely resists.
The wall freezes the water moccasin zombie but does no damage.
The water moccasin zombie closely misses you.
Unknown command.
You hit the water moccasin zombie but do no damage.
The water moccasin zombie is almost destroyed.
The water moccasin zombie resists.
The wall freezes the water moccasin zombie.
The water moccasin zombie closely misses you.
The gnoll zombie completely resists.
The wall freezes the gnoll zombie but does no damage.
The water moccasin zombie completely resists.
The wall freezes the water moccasin zombie but does no damage.
The water moccasin zombie bites you.
You die...

###### ###
#####
.#...#??!?#
#...#
.'.∩.#?[)?+
+...#
.#...#!??!#
#...#
.##### ####
#...# .#
.Z. ##
##Z## .#
#^@^# .#
#^.^# .#
#^^^# ^#
#^^.# ##
#'### .#
#...# .#
#...# .#
#...# .#
#...#


You could see a water moccasin zombie and a gnoll zombie.

Vanquished Creatures
  5 water moccasin zombies (Ossuary)
  4 adders
  3 adder zombies (Ossuary)
  A worm (D:3)
  6 ball pythons
  5 bats
  4 endoplasms
  2 giant cockroaches
  2 gnoll zombies (Ossuary)
  3 hobgoblins
  6 jackals
  4 quokkas
  4 frilled lizards
  9 goblins
  6 hobgoblin zombies (Ossuary)
  2 kobolds (D:2)
  7 kobold zombies (Ossuary)
  6 orc zombies (Ossuary)
  7 rats
86 creatures vanquished.

Vanquished Creatures (others)
  An orc zombie (Ossuary)
1 creature vanquished.

Grand Total: 87 creatures vanquished

Notes
Turn   | Place    | Note
-------+----------+-------------------------------------------
     0 | D:1      | Ethylacetat the Naga Ice Elementalist began the quest for
                  | the Orb.
     0 | D:1      | Reached XP level 1. HP: 15/15 MP: 3/3
   247 | D:1      | Reached XP level 2. HP: 22/22 MP: 5/5
   446 | D:1      | Found a faded altar of an unknown god.
   544 | D:1      | Reached XP level 3. HP: 15/28 MP: 6/6
   549 | D:1      | Learned a level 3 spell: Frozen Ramparts
  1354 | D:2      | Reached skill level 5 in Ice Magic
  1361 | D:2      | Learned a level 3 spell: Ozocubu's Armour
  1434 | D:2      | Reached XP level 4. HP: 36/36 MP: 7/7
  2563 | D:3      | Found a radiant altar of Vehumet.
  2565 | D:3      | Found a blossoming altar of Fedhas.
  2931 | D:3      | Found a burning altar of Makhleb.
  2935 | D:3      | Found an ornate altar of the Wu Jian Council.
  3068 | D:4      | Found a sand-covered staircase.
  3077 | Ossuary  | Entered an ossuary
  3139 | Ossuary  | HP: 1/36 [water moccasin zombie (3)]
  3143 | Ossuary  | Reached XP level 5. HP: 11/42 MP: 6/10
  3597 | Ossuary  | Learned a level 4 spell: Hailstorm
  3618 | Ossuary  | Reached skill level 1 in Conjurations
  3618 | Ossuary  | Reached XP level 6. HP: 25/49 MP: 6/11
  3641 | Ossuary  | Gained mutation: Potions are less effective at restoring
                  | your health. [potion of mutation]
  3641 | Ossuary  | Gained mutation: Your mind is acute. (Int +2) [potion of
                  | mutation]
  3641 | Ossuary  | Gained mutation: Your mind is very acute. (Int +4) [potion
                  | of mutation]
  3648 | Ossuary  | Reached skill level 6 in Ice Magic
  4118 | Ossuary  | Slain by a water moccasin zombie

Illustrated notes

Levels and vault maps discovered:
D:1:      dpeg_arrival_solitude, layout_rooms, ebering_ecumenical_altar_webs,
          st_stairs_4, hangedman_decor_slide_cut, minmay_misc_feat_rows
D:2:      layout_loops_ring, minmay_shallow_snake_nest
D:3:      layout_basic, nicolae_overflow_hidden_temple,
          cheibrodos_sewer_entry_bend, minmay_stone_trees_medium
D:4:      layout_cave_pools, lightli_ossuary_entry_decrepit_ruins, st_stairs_9
Ossuary:  ossuary_tomb_2

Skill      XL: |  1  2  3  4  5  6 |
---------------+-------------------+-----
Ice Magic      | 5 6 |  6.1
Spellcasting   | 3 4 |  4.1
Conjurations   | 1 2 |  2.3
Dodging        | |  1.7
Stealth        | |  3.1

Action                   |  1- 3 |  4- 6 || total
-------------------------+-------+-------++-------
Melee: Unarmed           |     4 |       ||     4
       Dagger            |    18 |   197 ||   215
 Cast: Freeze            |    19 |    13 ||    32
       Frozen Ramparts   |       |    26 ||    26
       Ozocubu's Armour  |       |    11 ||    11
       Hailstorm         |       |     3 ||     3
 Abil: Spit Poison       |    33 |    15 ||    48
  Use: Scroll            |       |     4 ||     4
       Potion            |       |     8 ||     8
 Stab: Invisible         |       |     2 ||     2
Armor: Robe              |     2 |    87 ||    89
Dodge: Dodged            |    17 |    96 ||   113

Table legend: (Time is in decaauts)
 A = Elapsed time spent in this place.
 B = Non-inter-level travel time spent in this place.
 C = Inter-level travel time spent in this place.
 D = Time resting spent in this place.
 E = Time spent auto-exploring this place.
 F = Levels seen in this place.
 G = Mean time per level.
                   A        B        C        D        E       F      G
               +--------+--------+--------+--------+--------+-----+--------+
         Total |   4940 |   4791 |    149 |    714 |   3040 |   5 |  988.0 |
       Dungeon |   3871 |   3722 |    149 |      0 |   3024 |   4 |  967.8 |
       Ossuary |   1068 |   1068 |      0 |    714 |     15 |   1 | 1068.0 |
               +--------+--------+--------+--------+--------+-----+--------+

Top non-repeatable levels by time:
     D:3: 1397 daAuts
     D:2: 1284 daAuts
     D:1: 1172 daAuts
 Ossuary: 1068 daAuts
     D:4: 17 daAuts
